 Dungeon Crawl Stone Soup version 0.29.0-11-gd7f09526c8 (webtiles) character file.

Game seed: 571962103925749035

218 Iusername the Covered (level 5, 0/46 HPs)
             Began as a Minotaur Fighter on Sept 6, 2022.
             Succumbed to a hornet's poison
             ... on level 5 of the Dungeon.
             The game lasted 00:06:03 (3867 turns).

Iusername the Covered (Minotaur Fighter)            Turns: 3867, Time: 00:06:04

Health: 0/46       AC:  7    Str: 21 (23) XL:     5   Next: 63%
Magic:  4/4        EV:  9    Int:  3 (5)  God:
Gold:   214        SH:  4    Dex:  7 (9)  Spells: 4/4 levels left

rFire   . . .      SeeInvis .   a - +0 long sword
rCold   . . .      Faith    .   c - +0 buckler
rNeg    . . .      Spirit   .   b - +0 scale mail
rPois   .          Reflect  .   (helmet restricted)
rElec   .          Harm     .   (no cloak)
rCorr   .          Rampage  .   (no gloves)
Will    .....                   (no boots)
Stlth   ..........              (no amulet)
HPRegen 0.15/turn               (no ring)
MPRegen 0.09/turn               (no ring)

@: mighty, brilliant, lethally poisoned (0 -> -9), slowed, very slow
A: horns 2, retaliatory headbutt
a: no special abilities


You were on level 5 of the Dungeon.
You visited 1 branch of the dungeon, and saw 5 of its levels.

You collected 214 gold pieces.

Inventory:

Hand Weapons
 a - a +0 long sword (weapon)
Armour
 b - a +0 scale mail (worn)
 c - a +0 buckler (worn)
Jewellery
 l - a ring of magical power
 n - a ring of willpower
 p - an amulet of regeneration
 r - a ring of fire
 w - a ring of poison resistance
Wands
 v - a wand of iceblast (10)
Scrolls
 e - a scroll of fear {unknown}
 f - 2 scrolls of teleportation {unknown}
 g - a scroll of brand weapon {unknown}
 h - 2 scrolls of silence {unknown}
 i - 3 scrolls of identify {unknown}
 j - a scroll of immolation {unknown}
 u - a scroll of vulnerability {unknown}
Potions
 d - a potion of might
 k - a potion of magic {unknown}
 m - a potion of attraction {unknown}
 s - a potion of mutation {unknown}
 t - a potion of curing {unknown}


   Skills:
 + Level 4.2 Fighting
 + Level 4.9 Long Blades
 + Level 5.0 Armour
 + Level 1.7 Dodging
 + Level 0.2 Stealth
 + Level 4.1 Shields


You had 4 spell levels left.
You didn't know any spells.
Your spell library contained the following spells:

 Spells                   Type           Power      Damage    Failure   Level
 Static Discharge         Conj/Air       0%         3-3/arc   97%         2
 Dispel Undead            Necr           0%         3d6       100%        4
 Sticky Flame             Conj/Fire      0%         2d3       100%        4


Dungeon Overview and Level Annotations

Branches:
Dungeon (5/15)
 Temple: D:4-7

Altars:
Qazlal

Annotations:
D:4 1 runed translucent door, Flarelocke's ghost, amateur MiFi


Innate Abilities, Weirdness & Mutations

You have a pair of horns on your head.
You reflexively headbutt those who attack you in melee.


Message History

You feel very mighty all of a sudden.
You barely miss the hornet. The hornet closely misses you.
You barely miss the hornet. Your headbutt misses the hornet.
The hornet stings you.
You feel yourself slow down. You block the hornet's attack.
You slash the hornet! Your headbutt misses the hornet.
The hornet is moderately wounded.
You feel yourself speed up. The hornet stings you!
You are poisoned.
You feel yourself slow down. The hornet stings you.
You are more poisoned.
You suddenly lose the ability to move!
The hornet barely misses you.
You feel yourself speed up.
You feel very sick. The hornet stings you.
You shrug off the repeated paralysis!
You feel very sick. The hornet stings you!
* * * LOW HITPOINT WARNING * * *
You feel yourself slow down.
The hornet stings you but does no damage.
You can move again.
It was a potion of degeneration.
There was something very wrong with that liquid.
You feel weakened.
You feel dopey.
You feel clumsy.
* * * LOW HITPOINT WARNING * * *
You feel very sick. The hornet stings you.
* * * LOW HITPOINT WARNING * * *
You feel as though you will be slow longer.
You block the hornet's attack.
Welcome back, Iusername the Minotaur Fighter.
Press ? for a list of commands and other information.
Welcome back, Iusername the Minotaur Fighter.
Press ? for a list of commands and other information.
Welcome back, Iusername the Minotaur Fighter.
Press ? for a list of commands and other information.
It was a potion of brilliance.
You feel clever all of a sudden.
You die...

## #. #.. #...
#######
##...##.....+
............#
......y@....#
.....##...###
#+####+##...#
........#...# .
........'...# ...
........#####....
.............#
.............#
.............#


You could see a hornet.

Vanquished Creatures
  A hound (D:4)
  A jelly (D:4)
  Robin (D:4)
  3 gnolls (D:4)
  2 adders (D:4)
  2 worms
  2 dart slugs (D:4)
  4 endoplasms
  5 giant cockroaches
  14 goblins
  10 hobgoblins
  8 jackals
  3 kobolds (D:3)
  3 quokkas
  2 ball pythons
  13 bats
  2 frilled lizards
  6 rats
82 creatures vanquished.

Notes
Turn   | Place    | Note
-------+----------+-------------------------------------------
     0 | D:1      | Iusername the Minotaur Fighter began the quest for the Orb.
     0 | D:1      | Reached XP level 1. HP: 19/19 MP: 0/0
   482 | D:1      | Reached skill level 4 in Armour
   488 | D:1      | Reached XP level 2. HP: 27/27 MP: 1/1
  1001 | D:2      | Identified the +1 ring mail "Udwoufua" {rC+ Int+3}
  1360 | D:3      | Reached XP level 3. HP: 28/33 MP: 2/2
  1536 | D:3      | Found a faded altar of an unknown god.
  2020 | D:3      | Found a stormy altar of Qazlal.
  2021 | D:3      | Noticed a water elemental
  2023 | D:3      | Noticed an earth elemental
  2031 | D:3      | Noticed an air elemental
  2031 | D:3      | Noticed a fire elemental
  2154 | D:4      | Reached XP level 4. HP: 21/40 MP: 3/3
  2717 | D:4      | Identified the +2 leather armour of Insurance {Contam +Inv
                  | rN+ Int+4}
  2865 | D:4      | Reached skill level 1 in Dodging
  2974 | D:4      | Identified the +4 helmet "Gyzarghi" {Dex+4}
  2974 | D:4      | Noticed Robin
  2979 | D:4      | Killed Robin
  2994 | D:4      | Reached XP level 5. HP: 40/46 MP: 4/4
  3234 | D:4      | Found a runed translucent door.
  3236 | D:4      | Noticed Flarelocke's ghost (amateur MiFi)
  3310 | D:4      | Reached skill level 5 in Armour
  3850 | D:5      | Entered Level 5 of the Dungeon
  3859 | D:5      | Noticed a hornet
  3863 | D:5      | Paralysed by a hornet for 3 turns
  3866 | D:5      | HP: 2/46 [hornet (1)]
  3867 | D:5      | Succumbed to a hornet's poison

Illustrated notes

Levels and vault maps discovered:
D:1:      eino_arrival_water_cross, layout_loops_ring
D:2:      layout_basic, chequers_serial_rivers_small_b, grunt_ministairs_3,
          due_unseen_surprise
D:3:      layout_loops_ring, nicolae_qazlal_style_of_elements,
          nicolae_ecumenical_oubliette
D:4:      layout_loops_cross, serial_forest, infiniplex_forest_straight_5,
          infiniplex_forest_straight_2, infiniplex_forest_end_2,
          infiniplex_forest_side_room, infiniplex_forest_lined_3_way,
          infiniplex_forest_straight_2, infiniplex_forest_straight_2,
          ebering_ghost_reflecting_pool, minmay_misc_feat_pillars,
          roderic_batcave, corner_web_ring, uniq_robin
D:5:      layout_gridville, mainiacjoe_overflow_six_doors_small,
          minmay_temple_entry_antechambers, uniq_grinder

Skill      XL: |  1  2  3  4  5 |
---------------+----------------+-----
Armour         | 4 5 |  5.0
Long Blades    | 3 4 |  4.9
Fighting       | 4 |  4.2
Dodging        | 1 |  1.7
Shields        | 4 |  4.1
Stealth        | |  0.2

Action                   |  1- 3 |  4- 6 || total
-------------------------+-------+-------++-------
Melee: Long sword        |   111 |    84 ||   195
       Headbutt          |    11 |    15 ||    26
  Use: Potion            |       |     3 ||     3
Armor: Scale mail        |    56 |    57 ||   113
Dodge: Dodged            |    56 |    52 ||   108
Block: Buckler           |    28 |    26 ||    54
